 Dungeon Crawl Stone Soup version 0.29-a0-483-g69413ace17 (webtiles) character file.

Game seed: 8339243809845068006

16 happo123 the Sneak (level 2, -3/16 HPs)
             Began as a Kobold Enchanter on May 25, 2022.
             Slain by a hobgoblin
             ... wielding a +0 hand axe
              (5 damage)
             ... on level 1 of the Dungeon.
             The game lasted 00:01:37 (460 turns).

happo123 the Sneak (Kobold Enchanter)                Turns: 460, Time: 00:01:38

Health: -3/16      AC:  2    Str:  5    XL:     2   Next: 75%
Magic:  5/5        EV: 15    Int: 16    God:
Gold:   14         SH:  0    Dex: 15    Spells: 3/5 levels left

rFire   . . .      SeeInvis .   a - +1 dagger
rCold   . . .      Faith    .   (no shield)
rNeg    . . .      Spirit   .   b - +0 robe
rPois   .          Reflect  .   (no helmet)
rElec   .          Harm     .   (no cloak)
rCorr   .          Rampage  .   (no gloves)
Will    .....                   (no boots)
Stlth   ++++......              (no amulet)
HPRegen 0.05/turn               (no ring)
MPRegen 0.09/turn               (no ring)

@: no status effects
A: small, no large weapons, nightstalker 3
a: no special abilities


You were on level 1 of the Dungeon.
You visited 1 branch of the dungeon, and saw 1 of its levels.

You collected 14 gold pieces.

Inventory:

Hand Weapons
 a - a +1 dagger (weapon)
Armour
 b - a +0 robe (worn)
Scrolls
 e - 2 scrolls of identify {unknown}
Potions
 c - 2 potions of invisibility
 d - a potion of brilliance {unknown}


   Skills:
 + Level 0.5 Fighting
 + Level 1.8 Short Blades
 + Level 2.7 Dodging
 + Level 4.2 Stealth
 + Level 2.4 Spellcasting
 + Level 3.1 Hexes


You had 3 spell levels left.
You knew the following spells:

 Your Spells              Type           Power      Damage    Failure   Level
a - Ensorcelled Hibernat  Hex/Ice        14%        N/A       16%         2

Your spell library contained the following spells:

 Spells                   Type           Power      Damage    Failure   Level
 Confusing Touch          Hex            12%        N/A       16%         3
 Tukima's Dance           Hex            12%        N/A       16%         3
 Dazzling Flash           Conj/Hex       14%        N/A       30%         3


Dungeon Overview and Level Annotations

Branches:
Dungeon (1/15)

Altars:


Innate Abilities, Weirdness & Mutations

You are small and have problems with some larger weapons.
You are completely attuned to the shadows.


Message History

The jackal closely misses you. The jackal completely misses you.
The jackal misses you. The jackal bites you.
The endoplasm attacks as you move away! The endoplasm hits you.
The jackal completely misses you.
Things that are here:
a +0 dagger; a +0 dagger; a hobgoblin corpse You barely miss the jackal.
The jackal misses you. x2
You miss the jackal. The jackal closely misses you.
You hit the jackal.
The jackal is heavily wounded.
The jackal closely misses you.
You barely miss the jackal.
The jackal is heavily wounded.
The jackal misses you.
You barely miss the jackal.
The jackal is heavily wounded.
The jackal misses you.
The jackal bites you but does no damage.
You hit the jackal.
The jackal is moderately wounded.
The jackal bites you. x2
You hit the jackal but do no damage.
The jackal is moderately wounded.
The jackal bites you. The jackal barely misses you.
You hit the jackal.
The jackal is almost dead.
The jackal closely misses you. The jackal bites you.
* * * LOW HITPOINT WARNING * * *
The jackal misses you.
You hit the jackal.
You kill the jackal!
The jackal bites you but does no damage.
You hit the hobgoblin.
The hobgoblin is moderately wounded.
The jackal bites you.
* * * LOW HITPOINT WARNING * * *
The hobgoblin hits you with a +0 hand axe.
You die...

##..######
......... ##..##
.........# ##..##
#...>...# ###..##
#.....####...##
###...###...###
..........###
####.######.##
#..# #h@# #
###.######g## ..
#........hJ.##...
#.........#..(...
#................
#...........#....
#####.....#...#..
...#...#...#
.#...#...#.


You could see an endoplasm, 2 jackals and a hobgoblin.

Vanquished Creatures
  A dart slug (D:1)
  A bat (D:1)
  A giant cockroach (D:1)
  4 goblins (D:1)
  A hobgoblin (D:1)
  A jackal (D:1)
  A kobold (D:1)
  A ball python (D:1)
  A rat (D:1)
12 creatures vanquished.

Notes
Turn   | Place    | Note
-------+----------+-------------------------------------------
     0 | D:1      | happo123 the Kobold Enchanter began the quest for the Orb.
     0 | D:1      | Reached XP level 1. HP: 10/10 MP: 3/3
   258 | D:1      | Reached XP level 2. HP: 11/15 MP: 5/5
   330 | D:1      | Found a faded altar of an unknown god.
   434 | D:1      | Learned a level 2 spell: Ensorcelled Hibernation
   460 | D:1      | Slain by a hobgoblin

Illustrated notes

Levels and vault maps discovered:
D:1:      dpeg_arrival_central, layout_rooms,
          dilly_ecumenical_altar_fadedgnrine, hex_medium

Action                   || total
-------------------------++-------
Melee: Dagger            ||    47
 Stab: Sleeping          ||     3
Armor: Robe              ||     5
Dodge: Dodged            ||    36

Table legend: (Time is in decaauts)
 A = Elapsed time spent in this place.
 B = Non-inter-level travel time spent in this place.
 C = Inter-level travel time spent in this place.
 D = Time resting spent in this place.
 E = Time spent auto-exploring this place.
 F = Levels seen in this place.
 G = Mean time per level.
                   A        B        C        D        E       F      G
               +--------+--------+--------+--------+--------+-----+--------+
         Total |    456 |    452 |      4 |      0 |    350 |   1 |  456.0 |
       Dungeon |    456 |    452 |      4 |      0 |    350 |   1 |  456.0 |
               +--------+--------+--------+--------+--------+-----+--------+

Top non-repeatable levels by time:
     D:1: 456 daAuts
